 Dungeon Crawl Stone Soup version 0.21.0-37-g46506fa (webtiles) character file.

485 nikopol the Firebug (level 6, -1/32 HPs)
             Began as a Deep Elf Fire Elementalist on Feb 1, 2018.
             Was an Initiate of Vehumet.
             Killed by nerve-wracking pain
             ... invoked by an orc priest
              (8 damage)
             ... on level 5 of the Dungeon.
             The game lasted 00:11:34 (3710 turns).

nikopol the Firebug (Deep Elf Fire Elementalist)    Turns: 3710, Time: 00:11:35

Health: -1/32      AC:  2    Str:  5    XL:     6   Next: 88%
Magic:  0/17       EV: 13    Int: 22    God:    Vehumet [......]
Gold:   219        SH:  0    Dex: 15    Spells: 6/17 levels left

rFire    . . .     SeeInvis .   n - +1 dagger (protect)
rCold    . . .     Gourm    .   (no shield)
rNeg     . . .     Faith    .   a - +0 robe
rPois    .         Spirit   .   (no helmet)
rElec    .         Reflect  .   (no cloak)
rCorr    .         Harm     .   (no gloves)
MR       .....                  (no boots)
Stlth    +++.......             (no amulet)
HPRegen  0.10/turn              (no ring)
MPRegen  0.15/turn              (no ring)

@: no status effects
A: no striking features
a: Renounce Religion


You were on level 5 of the Dungeon.
You worshipped Vehumet.
Vehumet was noncommittal.
You were not hungry.

You visited 2 branches of the dungeon, and saw 6 of its levels.

You collected 219 gold pieces.

Inventory:

Hand Weapons
 n - a +1 dagger of protection (weapon)
Armour
 a - a +0 robe (worn)
Jewellery
 m - a +4 ring of dexterity {unknown}
Scrolls
 d - 4 scrolls of identify {unknown}
 e - 2 scrolls of magic mapping {unknown}
 f - a scroll of immolation {unknown}
 g - 3 scrolls of remove curse {unknown}
 h - 2 scrolls of fog {unknown}
 l - a scroll of blinking {unknown}
 o - a scroll of fear {unknown}
Potions
 i - a potion of mutation {unknown}
 j - a potion of lignification {unknown}
 k - a potion of invisibility {unknown}
 p - 3 potions of curing {unknown}
 q - a potion of haste {unknown}
Books
 b - a book of Flames

   Spells                             Type                      Level
   a - Flame Tongue                   Conjuration/Fire             1
   b - Throw Flame                    Conjuration/Fire             2
   c - Conjure Flame                  Conjuration/Fire             3
   d - Inner Flame                    Hexes/Fire                   3
   e - Sticky Flame                   Conjuration/Fire             4
   f - Fireball                       Conjuration/Fire             5
Comestibles
 c - 13 rations


   Skills:
 + Level 2.5 Dodging
 + Level 3.9 Stealth
 + Level 6.2 Spellcasting
 + Level 2.4 Conjurations
 + Level 6.3 Fire Magic


You had 6 spell levels left.
You knew the following spells:

 Your Spells              Type           Power        Failure   Level  Hunger
a - Flame Tongue          Conj/Fire      ####.        1%          1    None
b - Throw Flame           Conj/Fire      ####..       2%          2    None
c - Conjure Flame         Conj/Fire      ####....     4%          3    #......
d - Fireball              Conj/Fire      ####......   38%         5    #####..


Dungeon Overview and Level Annotations

Branches:
Dungeon (5/15)             Temple (1/1) D:4

Altars:
Ashenzari
Cheibriados
Dithmenos
Elyvilon
Gozag
Kikubaaqudgha
Nemelex Xobeh
Qazlal
Sif Muna
Trog
Uskayaw
Vehumet
Wu Jian
Xom
Yredelemnul
Zin
The Shining One


Message History

Confirm with . or Enter, or press ? or * to list all spells.
Aiming: Flame Tongue
Press: ? - help, Shift-Dir - straight line, f/p - orc priest
Aim: an orc priest (moderately wounded)
The flame tongue hits the orc priest.
The orc priest is severely wounded.
Casting: Flame Tongue
Confirm with . or Enter, or press ? or * to list all spells.
Aiming: Flame Tongue
Press: ? - help, Shift-Dir - straight line, f/p - orc priest
Aim: an orc priest (severely wounded)
The flame tongue hits the orc priest.
The orc priest is almost dead.
Casting: Flame Tongue
Confirm with . or Enter, or press ? or * to list all spells.
You don't have enough magic to cast that spell.
Found 13 gold pieces.
The orc priest mumbles some strange prayers to Beogh against you.
Pain shoots through your body!
You die...

...$(. ## ..>... #..
...... .. ...... ##.#
....#####$.
........#######
########.####@.......
o....)..o§(..$..$....
........o############
...........####
(..##.####....## .#
#. ####..## . ##..##
## ##..# ##<#


You could see an orc warrior and an orc priest.

Vanquished Creatures
  An ogre (D:3)
  A scorpion (D:4)
  2 howler monkeys
  A jelly (D:4)
  Natasha (thrice) (D:3)
  A worker ant (D:4)
  4 adders
  3 oozes
  3 worms
  2 dart slugs
  6 leopard geckos
  10 orcs
  6 bats
  2 giant cockroaches
  8 goblins
  3 hobgoblins
  8 jackals
  6 kobolds
  A quokka (D:3)
  A ball python skeleton (D:4)
  A frilled lizard (D:3)
  A jackal skeleton (D:4)
  8 rats
82 creatures vanquished.

Notes
Turn   | Place    | Note
-------+----------+-------------------------------------------
     0 | D:1      | nikopol the Deep Elf Fire Elementalist began the quest for the Orb.
     0 | D:1      | Reached XP level 1. HP: 10/10 MP: 6/6
   142 | D:1      | Reached XP level 2. HP: 15/15 MP: 2/8
   593 | D:1      | Reached XP level 3. HP: 19/19 MP: 7/9
   754 | D:2      | Found a faded altar of an unknown god.
   942 | D:2      | Found a shattered altar of Ashenzari.
  1227 | D:3      | Noticed an ogre
  1285 | D:3      | Noticed Natasha
  1294 | D:3      | Learned a level 2 spell: Throw Flame
  1298 | D:3      | Learned a level 3 spell: Conjure Flame
  1336 | D:3      | Reached XP level 4. HP: 24/24 MP: 6/11
  1352 | D:3      | Killed Natasha
  1352 | D:3      | Reached skill level 5 in Fire Magic
  1762 | D:3      | Noticed Natasha
  1765 | D:3      | Killed Natasha
  1791 | D:3      | Noticed Natasha
  1803 | D:3      | Reached XP level 5. HP: 28/28 MP: 4/13
  1806 | D:3      | Killed Natasha
  2068 | D:3      | Found a hide-covered altar of Uskayaw.
  2145 | D:3      | Killed an ogre
  2448 | D:3      | Reached XP level 6. HP: 28/32 MP: 12/15
  2521 | D:4      | Learned a level 5 spell: Fireball
  2549 | D:4      | Reached skill level 5 in Spellcasting
  3001 | D:4      | Found a staircase to the Ecumenical Temple.
  3023 | Temple   | Entered the Ecumenical Temple
  3129 | Temple   | Became a worshipper of Vehumet
  3676 | D:5      | Entered Level 5 of the Dungeon
  3685 | D:5      | Noticed an orc warrior
  3710 | D:5      | Killed from afar by an orc priest

Skill      XL: |  1  2  3  4  5  6 |
---------------+-------------------+-----
Fire Magic     | 4 5 6 |  6.3
Spellcasting   | 4 6 |  6.2
Stealth        | 3 |  3.9
Conjurations   | 2 |  2.4
Dodging        | |  2.5

Action                   |  1- 3 |  4- 6 || total
-------------------------+-------+-------++-------
 Cast: Flame Tongue      |    59 |   118 ||   177
       Conjure Flame     |       |     5 ||     5
       Throw Flame       |       |     4 ||     4
  Eat: Chunk             |     1 |     7 ||     8
Armor: Robe              |     1 |     1 ||     2
Dodge: Dodged            |    10 |    18 ||    28
